 Dungeon Crawl Stone Soup version 0.29.0-10-g45618ea6d2 (webtiles) character file.

Game seed: 413060110582422919

44 Persephone the Chopper (level 3, -1/31 HPs)
             Began as a Hill Orc Fighter on Sept 2, 2022.
             Slain by a gnoll
             ... wielding a +0 spear
              (7 damage)
             ... on level 2 of the Dungeon.
             The game lasted 00:02:15 (766 turns).

Persephone the Chopper (Hill Orc Fighter)            Turns: 766, Time: 00:02:16

Health: -1/31      AC:  9    Str: 20    XL:     3   Next: 62%
Magic:  3/3        EV:  7    Int:  8    God:
Gold:   63         SH:  4    Dex: 10    Spells: 2/2 levels left

rFire   . . .      SeeInvis .   a - +0 war axe
rCold   . . .      Faith    .   c - +0 buckler
rNeg    . . .      Spirit   .   o - +0 chain mail
rPois   .          Reflect  .   (no helmet)
rElec   .          Harm     .   (no cloak)
rCorr   .          Rampage  .   (no gloves)
Will    .....                   (no boots)
Stlth   ..........              (no amulet)
HPRegen 0.10/turn               (no ring)
MPRegen 0.08/turn               (no ring)

@: no status effects
A: no striking features
a: no special abilities


You were on level 2 of the Dungeon.
You visited 1 branch of the dungeon, and saw 2 of its levels.

You collected 63 gold pieces.

Inventory:

Hand Weapons
 a - a +0 war axe (weapon)
Armour
 b - a +0 scale mail
 c - a +0 buckler (worn)
 m - a +0 helmet
 o - a +0 chain mail (worn)
Scrolls
 e - a scroll of teleportation {unknown}
 f - a scroll of poison {unknown}
 i - a scroll of immolation {unknown}
 j - a scroll of brand weapon {unknown}
 l - a scroll of vulnerability {unknown}
 n - a scroll of enchant weapon {unknown}
Potions
 d - a potion of might
 g - a potion of heal wounds {unknown}
 h - a potion of lignification {unknown}
 k - a potion of degeneration {unknown}


   Skills:
 - Level 3.6 Fighting
 + Level 5.2 Axes
 - Level 3.2 Armour
 - Level 3.2 Shields


You had 2 spell levels left.
You didn't know any spells.
Your spell library was empty.

Dungeon Overview and Level Annotations

Branches:
Dungeon (2/15)

Altars:


Message History

You slash the gnoll!
You kill the gnoll!
Your Axes skill increases to level 4!
Things that are here:
a +0 whip; 11 gold pieces; a gnoll corpse You slash the gnoll!
The gnoll is almost dead.
You block the gnoll's attack.
You slash the gnoll!
You kill the gnoll!
The gnoll hits you with a +2 vorpal flail.
You have reached level 3!
Your experience leads to an increase in your attributes!
Increase (S)trength, (I)ntelligence, or (D)exterity?
You feel stronger. x2
You slash the gnoll!
The gnoll is almost dead.
The gnoll hits you with a +2 vorpal flail!
You hit the gnoll.
You kill the gnoll!
Your Axes skill increases to level 5!
You hit the rat.
You kill the rat!
The kobold hits you but does no damage. The gnoll hits you but does no damage.
You barely miss the kobold.
The gnoll hits you from afar with a +0 spear.
The kobold hits you but does no damage.
You slash the kobold!
You kill the kobold!
The gnoll completely misses you. The gnoll hits you with a +0 spear.
* * * LOW HITPOINT WARNING * * *
Items here: ( ))) ††††.
You closely miss the gnoll. You block the gnoll's attack.
The gnoll hits you with a +0 spear.
* * * LOW HITPOINT WARNING * * *
You hit the gnoll.
The gnoll is moderately wounded.
The gnoll hits you with a +0 spear!
You die...

##########.####.#
.................
#.....<..#
#.######.# #.#
#.# #.# #)#
...####@#
.......g#
.........#
....###..# ###
#.?. #.##. #>. ..
#.# .. #.# ##.


You could see a gnoll.

Vanquished Creatures
  3 gnolls (D:2)
  2 goblins (D:1)
  A hobgoblin (D:1)
  2 ball pythons (D:1)
  A bat (D:1)
  2 kobolds
  6 rats
17 creatures vanquished.

Notes
Turn   | Place    | Note
-------+----------+-------------------------------------------
     0 | D:1      | Persephone the Hill Orc Fighter began the quest for the
                  | Orb.
     0 | D:1      | Reached XP level 1. HP: 19/19 MP: 1/1
   198 | D:1      | Reached skill level 3 in Axes
   423 | D:1      | Reached XP level 2. HP: 26/26 MP: 2/2
   756 | D:2      | Reached skill level 4 in Axes
   759 | D:2      | Reached XP level 3. HP: 23/31 MP: 3/3
   761 | D:2      | Reached skill level 5 in Axes
   766 | D:2      | Slain by a gnoll

Illustrated notes

Levels and vault maps discovered:
D:1:      lemuel_arrival_muddy, layout_loops_ring
D:2:      layout_loops_ring, hellmonk_ecumenical_altar_leap_of_faith

Skill      XL: |  1  2  3 |
---------------+----------+-----
Axes           | 3 4 5 |  5.2
Fighting       | |  3.6
Armour         | |  3.2
Shields        | |  3.2

Action                   || total
-------------------------++-------
Melee: War axe           ||    42
Armor: Scale mail        ||    11
       Chain mail        ||     8
Dodge: Dodged            ||    17
Block: Buckler           ||     9
